 Adventure DCSS version bcrawl-1.36.5b (webtiles) character file.

Game seed: 16104312560910334343

133017 xeno23 the Shield-Bearer (level 7, -5/61 HPs)
             Began as a Demigod Fighter on Sept 19, 2022.
             Slain by a komodo dragon (28 damage)
             ... on level 8 of the Dungeon.
             The game lasted 00:36:14 (8509 turns).

xeno23 the Shield-Bearer (Demigod Fighter)          Turns: 8509, Time: 00:36:15

Health: -5/61      AC:  8    Str: 24    XL:     7   Next: 99%
Magic:  15/15      EV:  8    Int: 12    God:    Demigod [***...]
Gold:   615        SH: 11    Dex: 19    Spells: 11/12 levels left
                                        Lives:  0   Deaths: 2

rFire    . . .     GDR:     34% B - +4 flail (holy)
rCold    . . .     SeeInvis +   c - +0 medium shield
rNeg     . . .     Gourm    .   b - +0 scale mail
rPois    .         Faith    .   (helmet restricted)
rElec    .         Spirit   .   (no cloak)
rCorr    .         Reflect  .   w - +0 pair of gloves
MR       +....                  (no boots)
Stlth    ..........             F - amulet of the acrobat
HPRegen  0.20/turn              a - ring of protection from magic
MPRegen  0.14/turn              D - +3 ring of dexterity (curse)

@: no status effects
A: antennae 1, claws 1, see invisible, deterioration 1, high mp 1
a: Temporal Distortion, Growth, Major Destruction


You were on level 8 of the Dungeon.
You worshipped Demigod.
Demigod was most pleased with you.
You were not hungry.

You visited 1 branch of the dungeon, and saw 9 of its levels.

You collected 615 gold pieces.

Inventory:

Hand Weapons
 B - a +4 flail of holy wrath (weapon)
Missiles
 y - 794 stones (quivered)
Armour
 b - a +0 scale mail (worn)
 c - a +0 medium shield (worn)
 w - a +0 pair of gloves (worn)
 C - a +0 leather armour of poison resistance
Jewellery
 a - a ring of protection from magic (left hand)
 n - an uncursed ring of fire
 s - an uncursed ring of resist corrosion
 D - a cursed +3 ring of dexterity (right hand)
 E - an uncursed amulet of faith
 F - an amulet of the acrobat (around neck)
Scrolls
 f - 2 scrolls of teleportation {unknown}
 g - 3 scrolls of noise
 i - 4 scrolls of identify
 j - 3 scrolls of fear {unknown}
 m - a scroll of amnesia {unknown}
 r - a scroll of enchant armour {unknown}
 u - 2 scrolls of remove curse
 v - 2 scrolls of fog {unknown}
 x - 2 scrolls of enchant weapon {unknown}
 z - a scroll of magic mapping {unknown}
Potions
 d - a potion of might
 h - 2 potions of degeneration
 k - 2 potions of curing
 l - a potion of berserk rage
 o - a potion of lignification
 p - 2 potions of ambrosia {unknown}
 q - 2 potions of haste
 t - 2 potions of mutation
 A - a potion of cancellation {unknown}
Comestibles
 e - 14 rations {!d}


   Skills:
 + Level 5.2 Fighting
   Level 2.9 Long Blades
 * Level 4.8 Maces & Flails
 + Level 5.3 Armour
 - Level 2.7 Dodging
 * Level 5.7 Shields
 - Level 3.2 Spellcasting
 - Level 2.4 Fire Magic
 * Level 2.8 Invocations


You had 11 spell levels left.
You knew the following spells:

 Your Spells              Type           Power        Failure   Level  Hunger
a - Flame Tongue          Conj/Fire      #....        97%         1    None

Your spell library contained the following spells:

 Spells                   Type           Power        Failure   Level  Hunger
 Flaming Arrows           Chrm/Fire      #.......     99%         2    #......
 Conjure Flame            Conj/Fire      #.......     100%        3    ####...
 Inner Flame              Hex/Fire       N/A          100%        3    ####...
 Sticky Flame             Conj/Fire      #.......     100%        4    #####..
 Fireball                 Conj/Fire      #.........   100%        5    ######.


Dungeon Overview and Level Annotations

Branches:
Dungeon (9/12)             Temple (0/1) D:6            Lair (0/6) D:8
    Orc: D:8-11

Shops:
D:6 [

Annotations:
D:9 Erolcha


Innate Abilities, Weirdness & Mutations

You have an increased reservoir of magic. (+10% MP)
You have a pair of small antennae on your head.
You have sharp fingernails.
You have supernaturally acute eyesight. (SInv)
Your body sometimes deteriorates upon taking damage.


Message History

The komodo dragon is lightly wounded.
The komodo dragon closely misses you. The komodo dragon bites you!
You hit the komodo dragon but do no damage.
The komodo dragon is lightly wounded.
The komodo dragon bites you!
You sock the komodo dragon!
The komodo dragon is moderately wounded.
The komodo dragon bites you but does no damage.
You block the komodo dragon's attack.
You barely miss the komodo dragon.
The komodo dragon is moderately wounded.
You block the komodo dragon's attack.
You hit the komodo dragon.
The komodo dragon is moderately wounded.
You block the komodo dragon's attack.
Your scale mail prevents you from hitting the komodo dragon.
The komodo dragon is moderately wounded.
The komodo dragon bites you!!
You die...
Your divinity fades.

PP.>..PPPP..### #########.#
PP...PPP......# #..#......##.
PPPPP.P...%....##............#
P..PP......#..%.#..#...#...###
#..P..Pl..##....##.#...##..#
#....T## #...#####......# .
###.##†#####...###.......#..
##.......###.l.............
##..........#.@.............
#.............#.##..........
##...##.........####.#......
##....#......>...# #..##.##..
#<...............###..# ##...
#....###...>.....#...### #..
##.......##.........##.##...
#.........##....##......#..
##........#....#####....#.#


You could see a komodo dragon.

Vanquished Creatures
  A troll (D:8)
  A hippogriff (D:6)
  Eustachio (D:4)
  Edmund (D:4)
  2 orc warriors
  2 ogres
  A phantom (D:6)
  Blork the orc (D:5)
  2 bullfrogs
  4 centaurs
  4 wights (D:6)
  3 crimson imps
  5 hounds
  A quasit (D:5)
  A bullfrog skeleton (D:4)
  A jelly (D:5)
  3 iguanas
  5 orc wizards
  2 worker ants
  A killer bee zombie (D:7)
  A hound skeleton (D:5)
  4 gnolls
  7 adders
  A shadow imp (D:8)
  2 adder skeletons
  2 worms
  3 dart slugs
  4 leopard geckos
  22 orcs
  7 giant cockroaches
  8 hobgoblins
  11 jackals
  4 quokkas
  A ball python (D:2)
  7 bats
  3 frilled lizards
  2 goblins
  2 jackal skeletons (D:6)
  5 kobolds
  A quokka zombie (D:4)
  5 rats
144 creatures vanquished.

Vanquished Creatures (others)
  A plant (D:8)
1 creature vanquished.

Grand Total: 145 creatures vanquished

Notes
Turn   | Place    | Note
-------+----------+-------------------------------------------
     0 | D:1      | xeno23 the Demigod Fighter began the quest for the Orb.
     0 | D:1      | Reached XP level 1. HP: 18/18 MP: 3/3
   359 | D:1      | Reached XP level 2. HP: 18/25 MP: 4/4
  1157 | D:2      | Reached skill level 1 in Dodging
  1223 | D:2      | Reached * piety under Demigod
  1224 | D:2      | Reached XP level 3. HP: 31/31 MP: 5/5
  1451 | D:2      | Found a snail-covered altar of Cheibriados.
  2192 | D:3      | Reached XP level 4. HP: 38/38 MP: 6/6
  2923 | D:4      | Noticed Eustachio
  3049 | D:4      | Reached XP level 5. HP: 25/45 MP: 7/7
  3343 | D:4      | Noticed Edmund
  3401 | D:4      | Killed Edmund
  3402 | D:4      | Reached XP level 6. HP: 39/52 MP: 8/8
  3415 | D:4      | Learned a level 1 spell: Flame Tongue
  3525 | D:5      | Entered Level 5 of the Dungeon
  3542 | D:5      | Found a sacrificial altar of Ru.
  3593 | D:5      | Reached ** piety under Demigod
  3868 | D:5      | Reached skill level 1 in Maces & Flails
  3929 | D:5      | Reached skill level 1 in Spellcasting
  4076 | D:5      | Noticed Blork the orc
  4095 | D:5      | Killed Blork the orc
  4096 | D:5      | Reached XP level 7. HP: 54/59 MP: 11/11
  4150 | D:5      | Reached skill level 1 in Fire Magic
  4842 | D:4      | Gained mutation: Your body sometimes deteriorates upon
                  | taking damage. [potion of mutation]
  4842 | D:4      | Gained mutation: You have sharp fingernails. [potion of
                  | mutation]
  4842 | D:4      | Gained mutation: You have supernaturally acute eyesight.
                  | (SInv) [potion of mutation]
  4842 | D:4      | Gained mutation: You have a pair of small antennae on your
                  | head. [potion of mutation]
  5062 | D:4      | Killed Eustachio
  5063 | D:4      | Reached XP level 8. HP: 55/67 MP: 14/14
  5330 | D:6      | Noticed a hippogriff
  5438 | D:6      | Killed a hippogriff
  5873 | D:6      | Found a staircase to the Ecumenical Temple.
  5898 | D:6      | Reached *** piety under Demigod
  6293 | D:6      | Found Tapea's Armour Boutique.
  6686 | D:7      | Noticed a two-headed ogre
  6730 | D:8      | Reached skill level 5 in Armour
  6757 | D:8      | HP: 3/67 [orc warrior/+0 glaive (8)]
  6758 | D:8      | Reached skill level 5 in Shields
  7050 | D:8      | Mangled by an orc warrior
  7051 | D:8      | Reached XP level 7. HP: -11/60 MP: 15/15
  7057 | D:8      | Reached XP level 8. HP: 49/67 MP: 16/16
  7184 | D:8      | Found a hide-covered altar of Uskayaw.
  7191 | D:8      | Reached skill level 5 in Fighting
  7237 | D:8      | Noticed a two-headed ogre
  7894 | D:7      | Reached skill level 1 in Invocations
  8271 | D:9      | Noticed Erolcha
  8463 | D:8      | Found a staircase to the Lair.
  8464 | D:8      | Noticed a komodo dragon
  8465 | D:8      | Noticed a troll
  8488 | D:8      | Slain by a troll
  8489 | D:8      | Reached XP level 7. HP: -5/61 MP: 15/15
  8502 | D:8      | Killed a troll
  8509 | D:8      | Slain by a komodo dragon

Skill      XL: |  1  2  3  4  5  6  7  8 |
---------------+-------------------------+-----
Long Blades    | 2 |  2.9
Armour         | 3 4 5 |  5.3
Dodging        | 1 2 |  2.7
Fighting       | 3 4 5 |  5.2
Shields        | 3 4 5 |  5.7
Maces & Flails | 1 4 3 |  4.8
Spellcasting   | 1 2 3 |  3.2
Fire Magic     | 1 2 |  2.4
Invocations    | 2 |  2.8

Action                   |  1- 3 |  4- 6 |  7- 9 || total
-------------------------+-------+-------+-------++-------
Melee: Long sword        |   159 |    85 |       ||   244
       Flail             |       |    49 |   281 ||   330
Throw: Stone             |       |     4 |    29 ||    33
Invok: Temporal Distorti |       |       |     2 ||     2
       Major Destruction |       |       |     1 ||     1
  Use: Potion            |       |     1 |     3 ||     4
       Scroll            |       |     4 |     4 ||     8
 Stab: Distracted        |       |       |     1 ||     1
       Sleeping          |       |       |     1 ||     1
  Eat: Chunk             |    10 |    10 |    18 ||    38
Armor: Scale mail        |    84 |    55 |    82 ||   221
       Skin              |       |       |    37 ||    37
Dodge: Dodged            |    36 |    51 |   104 ||   191
Block: Medium shield     |    93 |    74 |   166 ||   333
